 Dungeon Sprint DCSS version 0.26-a0-971-g1d9d62bb61 (webtiles) character file.

Game seed: 2243665656081763843

129156 mhtbhm the Axe Maniac (level 16, 0/274 HPs)
             Began as a Minotaur Fighter on Dec 4, 2020.
             Was the Champion of Trog.
             Killed from afar by a fire giant (10 damage)
             ... with a fireball
             ... in the Dungeon (Sprint V: "Ziggurat Sprint").
             The game lasted 00:17:29 (2959 turns).

mhtbhm the Axe Maniac (Minotaur Fighter)            Turns: 2959, Time: 00:17:31

Health: 0/274      AC: 32    Str: 34    XL:     16   Next: 50%
Magic:  13/13      EV: 16    Int:  3    God:    Trog [******]
Gold:   0          SH:  0    Dex: 13    Spells: 15/15 levels left

rFire    + + .     SeeInvis .   F - +5 executioner's axe (elec)
rCold    + + .     Faith    .   (shield currently unavailable)
rNeg     + . .     Spirit   .   b - +5 gold dragon scales
rPois    +         Reflect  .   (helmet restricted)
rElec    +         Harm     .   Q - scarf {repulsion}
rCorr    +         Rampage  .   D - +0 pair of fencer's gloves {Riposte Dex+3}
MR       ++++.     Clarity  +   (no boots) Stlth ..........NoTele +
                                P - amulet of the Four Winds {rN+ MR+++ Clar}
HPRegen  0.00/turn              z - +6 ring of strength
MPRegen  0.13/turn              B - ring "Puanar" {rPois Slay+4}

@: berserking, resistant, studying Stealth, repel missiles, very quick
A: retaliatory headbutt, horns 2, blurry vision 1, dopey 1, low mp 1, inhibited
regeneration
a: Berserk, Trog's Hand, Brothers in Arms, Renounce Religion


You were in the Dungeon.
You worshipped Trog.
Trog was exalted by your worship.
You visited 1 branch

Inventory:

Hand Weapons
 F - a +5 executioner's axe of electrocution (weapon)
 G - a +5 broad axe of freezing
 H - the +7 lajatang of Order {silver, rMut}
   (You found it in the Dungeon)

   It protects you from mutation.
 N - the +6 battleaxe of Onwuopet {vamp, rF+ rC+}
   (You found it in the Dungeon)

   It inflicts no extra harm, but heals its wielder when it wounds a living foe.
   It protects you from fire.
   It protects you from cold.
 R - a +7 broad axe of chaos
Armour
 b - +5 gold dragon scales (worn)
 c - the +18 shield of the Gong {rElec rN+ MR+ EV-5}
   (You found it in the Dungeon)

   It affects your evasion (-5).
   It insulates you from electricity.
   It protects you from negative energy.
   It affects your resistance to hostile enchantments.
 D - the +0 pair of fencer's gloves (worn) {Riposte Dex+3}
   (You found it in the Dungeon)

   It affects your dexterity (+3).
 E - the +15 Maxwell's patent armour {-Cast -Tele rElec MR+ rCorr}
   (You found it in the Dungeon)

   It insulates you from electricity.
   It affects your resistance to hostile enchantments.
   It prevents spellcasting.
   It prevents most forms of teleportation.
   It provides partial protection from all sources of acid and corrosion.
 Q - a scarf of repulsion (worn)
Jewellery
 a - the ring "Difezut" (quivered) {rElec rF+ rC+ rN+ Slay-5}
   (You took it off a naga mage in the Dungeon)

   [ring of protection from fire]

   It affects your accuracy and damage with ranged weapons and melee attacks
   (-5).
   It protects you from fire.
   It protects you from cold.
   It insulates you from electricity.
   It protects you from negative energy.
 x - an uncursed ring of resist corrosion
 z - a +6 ring of strength (left hand)
 B - the ring "Puanar" (right hand) {rPois Slay+4}
   (You found it in the Dungeon)

   [ring of slaying]

   It affects your accuracy and damage with ranged weapons and melee attacks
   (+4).
   It protects you from poison.
 J - an uncursed ring of see invisible
 M - an uncursed amulet of reflection
 O - the ring "Mysaos" {MR+ Int+3}
   (You found it in the Dungeon)

   [ring of protection from magic]

   It affects your intelligence (+3).
   It affects your resistance to hostile enchantments.
 P - the amulet of the Four Winds (around neck) {rN+ MR+++ Clar}
   (You found it in the Dungeon)

   [amulet of nothing]

   It protects you from negative energy.
   It affects your resistance to hostile enchantments.
   It protects you against confusion.
Scrolls
 j - 4 scrolls of blinking
 p - 5 scrolls of fog
 q - a scroll of holy word
 r - 4 scrolls of identify
 s - 4 scrolls of remove curse
 t - 2 scrolls of fear
Potions
 d - 6 potions of might
 e - 9 potions of curing
 f - 5 potions of heal wounds
 g - 6 potions of haste
 h - 7 potions of magic
 i - 3 potions of berserk rage
 l - 2 potions of invisibility
 m - 2 potions of resistance
Books
 u - a manual of Stealth
Miscellaneous
 k - a tin of tremorstones (2/2)
 n - a condenser vane
 o - a phantom mirror
 v - a phantom mirror
 w - a phantom mirror
 y - a phantom mirror
 C - a phantom mirror
 K - a phantom mirror


   Skills:
 O Level 27 Fighting
 O Level 27 Axes
 + Level 24.6 Armour
 * Level 15.4 Dodging
 - Level 4.8 Stealth
 + Level 21.5 Shields
 * Level 13.3 Evocations


You had 15 spell levels left.
You didn't know any spells.
Your spell library contained the following spells:

 Spells                   Type           Power        Failure   Level
 Foxfire                  Conj/Fire      #...         97%         1
 Conjure Flame            Conj/Fire      #.......     100%        3
 Inner Flame              Hex/Fire       #.......     100%        3
 Sticky Flame             Conj/Fire      #.......     100%        4
 Fireball                 Conj/Fire      #.........   100%        5


Dungeon Overview and Level Annotations

Branches:
Dungeon (1/1)

Altars:
Ashenzari
Cheibriados
Dithmenos
Elyvilon
Fedhas
Gozag
Hepliaklqana
Kikubaaqudgha
Makhleb
Nemelex Xobeh
Okawaru
Qazlal
Ru
Sif Muna
Trog
Uskayaw
Vehumet
Wu Jian
Xom
Yredelemnul
Zin
The Shining One
Beogh
Jiyva
Lugonu


Innate Abilities, Weirdness & Mutations

You reflexively headbutt those who attack you in melee.
You have a pair of horns on your head.
Scrolls take you a little longer to read.
You are dopey. (Int -2)
Your magical capacity is low. (-10% MP)
You do not regenerate when monsters are visible.


Message History

Things that are here:
a +2 demon whip of electrocution; a scroll of brand weapon You slice the balrug like a ripe choko!!!
The balrug is severely wounded.
You hit the fire giant.
Lightning courses through the fire giant!
You slash the efreet! You miss the orb of fire. You slice the efreet!!
Lightning courses through the efreet!
You kill the efreet!
Trog accepts your kill. Something appears at your feet!
Trog grants you a weapon!
You barely miss the efreet.
The hell hog is engulfed in noxious fumes. x2
The hell hog appears confused.
The hell hog completely misses the orb of fire.
The balrug hits you but does no damage.
The fire giant points at you and mumbles some strange words.
The fireball explodes!
The fireball engulfs you! You resist.
You die...

▓....... ..v)=)h[...):..
▓▓▓▓▓▓▓▓ ..}})}.[}=}|=..
▓......8 ..§§§§○§§§}§§..
▓..|}):. ..§§§§§§§§§§§..
▓..):)|} ..§§§§§§§§§h§.§°
▓....... ▓..§§§RRh§h§§§§§§
▓....... ▓....○R§*§R☼○v.§§
▓....... ▓......RR@2R.....
▓....... ▓..h...§§§C......
▓.......
▓......§§.........▓......)
▓......§§§........▓......)
▓ ..▓..§§§....▓.. ▓......)
▓..▓.▓.......▓.▓..▓.......
▓...▓.........▓...▓.......
▓.................▓.......
▓........©........▓.......


You could see an orb of fire, a fire giant, a balrug, 5 hell hogs, 7 efreet and
2 fire vortices.

Vanquished Creatures
  3 orbs of fire (D)
  2 deep elf master archers (D)
  A death cob (D)
  A shadow dragon (D)
  3 nagarajas (D)
  2 fire giants (D)
  2 frost giants (D)
  7 balrugs (D)
  5 black draconians (D)
  2 green draconians (D)
  A purple draconian (D)
  A lorocyproca (D)
  A yellow draconian (D)
  2 white draconians (D)
  3 red draconians (D)
  A merfolk javelineer (D)
  6 fire dragons (D)
  A great orb of eyes (D)
  2 naga warriors (D)
  An ice dragon (D)
  3 hydras (D)
  A spriggan air mage (D)
  2 anacondas (D)
  2 dancing weapons (D)
  2 hell hogs (D)
  3 thrashing horrors (D)
  2 spriggan berserkers (D)
  8 soul eaters (D)
  4 large abominations (D)
  A wizard (D)
  A lindwurm (D)
  5 cyclopes (D)
  2 worldbinders (D)
  15 draconians (D)
  An elephant (D)
  5 black mambas (D)
  6 guardian serpents (D)
  2 naga magi (D)
  An eye of devastation (D)
  2 smoke demons (D)
  4 cane toads (D)
  An orange demon (D)
  A rime drake (shapeshifter) (D)
  5 efreet (D)
  3 rime drakes (D)
  3 komodo dragons (D)
  A yaktaur (D)
  2 ice devils (D)
  An ancient zyme (D)
  4 polar bears (D)
  2 slime creatures (D)
  15 starcursed masses (D)
  3 wyverns (D)
  A basilisk (D)
  3 ynoxinuls (D)
  4 yaks (D)
  8 fire elementals (D)
  A steam dragon (D)
  5 nagas (D)
  5 water moccasins (D)
  3 small abominations (D)
  2 acid dragons (D)
  6 hell hounds (D)
  An orc warrior (D)
  2 ice beasts (D)
  A necrophage (D)
  A wolf (D)
  5 centaurs (D)
  An earth elemental (D)
  2 wights (D)
  2 quasits (D)
  An orc priest (D)
  A jelly (D)
  3 iron imps (D)
  An orc wizard (D)
  2 adders (D)
  2 ufetubi (D)
  An ooze (D)
  2 spectral adders (D)
  2 orcs (D)
  2 spectral bats (D)
  4 bat skeletons (D)
  A bat zombie (D)
  2 ball pythons (D)
  A giant cockroach zombie (D)
  A quokka zombie (D)
  4 fire vortices (D)
243 creatures vanquished.

Vanquished Creatures (collateral kills)
  2 frost giants (D)
  3 green draconians (D)
  A red draconian (D)
  4 white draconians (D)
  2 purple draconians (D)
  A yellow draconian (D)
  A draconian (D)
  An eye of devastation (D)
  A yaktaur (D)
  A cane toad (D)
  3 slime creatures (D)
  A floating eye (D)
  3 starcursed masses (D)
  An orc priest (D)
  A white imp (D)
  An ooze (D)
27 creatures vanquished.

Vanquished Creatures (others)
  A yellow draconian (D)
  A centaur (D)
  A quasit (D)
  A fire vortex (D)
4 creatures vanquished.

Grand Total: 274 creatures vanquished

Notes
Turn   | Place    | Note
-------+----------+-------------------------------------------
     0 | D        | mhtbhm the Minotaur Fighter began the quest for the Orb.
     0 | D        | Reached XP level 1. HP: 19/19 MP: 0/0
    16 | D        | Found a shimmering blue altar of Sif Muna.
    16 | D        | Found a bloodstained altar of Trog.
    16 | D        | Found a sacrificial altar of Ru.
    16 | D        | Found a stormy altar of Qazlal.
    16 | D        | Found an iron altar of Okawaru.
    17 | D        | Found a sparkling altar of Nemelex Xobeh.
    17 | D        | Found a blossoming altar of Fedhas.
    18 | D        | Found the +6 Majin-Bo {vamp, MP+6 Int+6}
    18 | D        | Found the +9 heavy crossbow "Sniper" {vorpal, Acc+∞ SInv}
    18 | D        | Found the +10 dark maul {vorpal}
    18 | D        | Found the +15 Maxwell's patent armour {-Cast -Tele rElec
                  | MR+ rCorr}
    18 | D        | Found the +18 shield of the Gong {rElec rN+ MR+ EV-5}
    18 | D        | Found the cursed +14 obsidian axe {vorpal, +Fly SInv
                  | *Curse}
    18 | D        | Found the +7 great mace "Firestarter" {inner flame, rF++}
    18 | D        | Found the +6 shillelagh "Devastator" {shatter}
    18 | D        | Found the +11 plutonium sword {*Contam Stlth-}
    18 | D        | Found the +8 lance "Wyrmbane" {slay drac, rPois rF+ rC+
                  | AC+3}
    18 | D        | Found the +9 sword of Zonguldrok {reap}
    18 | D        | Found the cursed +13 scythe of Curses {drain, *Curse}
    18 | D        | Found the +0 sword of Power
    18 | D        | Found the +7 mace of Variability {chain chaos}
    18 | D        | Found the +7 Singing Sword {vorpal, sonic wave}
    18 | D        | Found the +8 storm bow {elec, penet}
    19 | D        | Found a transporter.
    19 | D        | Found an ancient bone altar of Kikubaaqudgha.
    19 | D        | Found a viscous altar of Jiyva.
    19 | D        | Found a corrupted altar of Lugonu.
    19 | D        | Found a hazy altar of Hepliaklqana.
    19 | D        | Found a burning altar of Makhleb.
    19 | D        | Found an opulent altar of Gozag.
    68 | D        | Became a worshipper of Trog the Wrathful
   116 | D        | Entered arena 2.
   116 | D        | Noticed a jelly
   116 | D        | Found a transporter.
   118 | D        | Killed a jelly
   119 | D        | Reached skill level 5 in Fighting
   119 | D        | Reached skill level 5 in Armour
   119 | D        | Reached skill level 5 in Shields
   119 | D        | Reached XP level 2. HP: 29/29 MP: 1/1
   119 | D        | Reached XP level 3. HP: 36/36 MP: 2/2
   129 | D        | Entered arena 3.
   129 | D        | Noticed a +1 vorpal mace
   129 | D        | Noticed a +2 short sword of protection
   129 | D        | Noticed an earth elemental
   129 | D        | Found a transporter.
   134 | D        | Killed a +1 vorpal mace
   134 | D        | Reached * piety under Trog
   135 | D        | Reached skill level 10 in Fighting
   135 | D        | Reached skill level 10 in Armour
   135 | D        | Reached XP level 4. HP: 20/51 MP: 3/3
   135 | D        | Reached XP level 5. HP: 23/58 MP: 4/4
   135 | D        | Reached XP level 6. HP: 26/66 MP: 5/5
   135 | D        | Reached XP level 7. HP: 28/72 MP: 6/6
   136 | D        | Killed a +2 short sword of protection
   137 | D        | Reached XP level 8. HP: 33/82 MP: 7/7
   350 | D        | Entered arena 4.
   350 | D        | Found a transporter.
   352 | D        | Reached ** piety under Trog
   368 | D        | Entered arena 5.
   368 | D        | Noticed a yaktaur
   368 | D        | Noticed a yaktaur
   368 | D        | Found a transporter.
   372 | D        | Reached *** piety under Trog
   373 | D        | Reached skill level 10 in Axes
   373 | D        | Killed a yaktaur
   375 | D        | Killed a yaktaur
   376 | D        | Reached XP level 9. HP: 86/90 MP: 8/8
   488 | D        | Entered arena 6.
   488 | D        | Found a transporter.
   489 | D        | Reached **** piety under Trog
   512 | D        | Entered arena 7.
   513 | D        | Found a transporter.
   515 | D        | Reached ***** piety under Trog
   518 | D        | Received a gift from Trog
   531 | D        | Entered arena 8.
   531 | D        | Noticed a purple draconian
   531 | D        | Noticed a draconian
   531 | D        | Noticed a black draconian
   531 | D        | Noticed a draconian
   531 | D        | Noticed a draconian
   531 | D        | Noticed a draconian
   532 | D        | Found a transporter.
   538 | D        | Killed a draconian
   541 | D        | Killed a purple draconian
   542 | D        | Reached skill level 15 in Shields
   543 | D        | Killed a draconian
   543 | D        | Killed a black draconian
   544 | D        | Reached skill level 15 in Axes
   544 | D        | Reached XP level 10. HP: 101/101 MP: 9/9
   544 | D        | Killed a draconian
   546 | D        | Killed a draconian
   601 | D        | Entered arena 9.
   602 | D        | Found the +5 robe of Night {Dark MR+ SInv}
   602 | D        | Found the +0 pair of fencer's gloves {Riposte Dex+3}
   602 | D        | Found a transporter.
   606 | D        | Reached ****** piety under Trog
   607 | D        | Received a gift from Trog
   652 | D        | Entered arena 10.
   652 | D        | Noticed a red draconian
   652 | D        | Noticed a green draconian
   652 | D        | Noticed a draconian
   652 | D        | Noticed a death cob
   652 | D        | Noticed a draconian
   652 | D        | Noticed a draconian
   652 | D        | Noticed a draconian
   652 | D        | Noticed a draconian
   653 | D        | Found a transporter.
   659 | D        | Killed a death cob
   659 | D        | Killed a draconian
   660 | D        | Reached XP level 11. HP: 110/110 MP: 10/10
   662 | D        | Received a gift from Trog
   663 | D        | Killed a green draconian
   667 | D        | Killed a red draconian
   668 | D        | Reached skill level 15 in Fighting
   682 | D        | Got the amulet of Birchoop {Acrobat rPois}
   703 | D        | Entered arena 11.
   703 | D        | Noticed a red draconian
   703 | D        | Noticed a black draconian
   704 | D        | Found the +7 lajatang of Order {silver, rMut}
   704 | D        | Found a transporter.
   713 | D        | Received a gift from Trog
   714 | D        | Killed a red draconian
   716 | D        | Killed a black draconian
   718 | D        | Reached XP level 12. HP: 122/122 MP: 11/11
   721 | D        | Got an ebony executioner's axe {god gift}
   750 | D        | Identified the +3 executioner's axe of Outrage {flame, +Inv
                  | rC- MR++ Stlth+} (Trog gifted it to you in the Dungeon)
   762 | D        | Entered arena 12.
   763 | D        | Noticed a great orb of eyes
   765 | D        | Found a transporter.
   766 | D        | Paralysed by a floating eye for 4 turns
   767 | D        | Received a gift from Trog
   774 | D        | Received a gift from Trog
   778 | D        | Killed a great orb of eyes
   937 | D        | Got the ring of Ozuyhop {Str-4 Int+4 Stlth-}
  1046 | D        | Entered arena 13.
  1046 | D        | Noticed a frost giant
  1046 | D        | Noticed a frost giant
  1046 | D        | Noticed an ice dragon
  1046 | D        | Noticed a frost giant
  1047 | D        | Noticed a frost giant
  1052 | D        | Killed a frost giant
  1053 | D        | Received a gift from Trog
  1056 | D        | Found a transporter.
  1058 | D        | Killed a frost giant
  1059 | D        | Killed an ice dragon
  1060 | D        | Reached skill level 15 in Armour
  1060 | D        | Reached skill level 1 in Stealth
  1060 | D        | Killed a frost giant
  1060 | D        | Received a gift from Trog
  1062 | D        | Killed a frost giant
  1330 | D        | Reached XP level 13. HP: 134/134 MP: 12/12
  1335 | D        | Entered arena 14.
  1336 | D        | Noticed a deep elf master archer
  1336 | D        | Noticed a merfolk javelineer
  1337 | D        | Noticed a deep elf master archer
  1339 | D        | Found a transporter.
  1350 | D        | Killed a merfolk javelineer
  1352 | D        | Killed a deep elf master archer
  1352 | D        | Received a gift from Trog
  1356 | D        | Killed a deep elf master archer
  1483 | D        | Entered arena 15.
  1484 | D        | Noticed a lorocyproca
  1485 | D        | Noticed a starcursed mass
  1486 | D        | Found a transporter.
  1489 | D        | Reached XP level 14. HP: 144/144 MP: 13/13
  1492 | D        | Received a gift from Trog
  1498 | D        | Paralysed by accursed screaming for 1 turns
  1500 | D        | Received a gift from Trog
  1504 | D        | Received a gift from Trog
  1585 | D        | Got the +6 battleaxe of Onwuopet {vamp, rF+ rC+}
  1588 | D        | Got the ring of Taodaqog {rPois MR- Dex+9 Slay+4 Stlth-}
  1620 | D        | Entered arena 16.
  1624 | D        | Found a transporter.
  1629 | D        | Received a gift from Trog
  1640 | D        | Received a gift from Trog
  1658 | D        | Got the amulet of the Death Scarab {RegenMP rElec rN+ MR+}
  1682 | D        | Entered arena 17.
  1688 | D        | Found a transporter.
  1693 | D        | Received a gift from Trog
  1699 | D        | Received a gift from Trog
  1866 | D        | Entered arena 18.
  1871 | D        | Found the +3 sling "Punk" {acid, rCorr}
  1876 | D        | Received a gift from Trog
  1884 | D        | Received a gift from Trog
  1889 | D        | Received a gift from Trog
  1890 | D        | Found a transporter.
  1921 | D        | Got the ring "Mysaos" {MR+ Int+3}
  1959 | D        | Entered arena 19.
  1962 | D        | Noticed a shadow dragon
  1987 | D        | Received a gift from Trog
  1989 | D        | Killed a shadow dragon
  1990 | D        | Found the amulet of the Four Winds {rN+ MR+++ Clar}
  1996 | D        | Reached XP level 15. HP: 81/162 MP: 14/14
  1998 | D        | Received a gift from Trog
  1999 | D        | Found a transporter.
  2004 | D        | Reached skill level 27 in Axes
  2217 | D        | Entered arena 20.
  2223 | D        | Found the +2 cloak of the Thief {*Fog Slay-2 SInv Stlth+}
  2231 | D        | Received a gift from Trog
  2242 | D        | Received a gift from Trog
  2246 | D        | Received a gift from Trog
  2253 | D        | Received a gift from Trog
  2269 | D        | Found a transporter.
  2317 | D        | Entered arena 21.
  2321 | D        | Noticed a nagaraja
  2322 | D        | Noticed a nagaraja
  2323 | D        | Identified the ring "Difezut" {rElec rF+ rC+ rN+ Slay-5}
  2323 | D        | Noticed a nagaraja
  2325 | D        | Reached skill level 1 in Dodging
  2325 | D        | Reached skill level 1 in Evocations
  2325 | D        | Killed a nagaraja
  2325 | D        | Received a gift from Trog
  2326 | D        | Killed a nagaraja
  2327 | D        | Received a gift from Trog
  2331 | D        | Received a gift from Trog
  2335 | D        | Reached skill level 5 in Dodging
  2335 | D        | Received a gift from Trog
  2335 | D        | Killed a nagaraja
  2340 | D        | Reached skill level 5 in Evocations
  2360 | D        | Found a transporter.
  2568 | D        | Entered arena 22.
  2653 | D        | Noticed an orb of fire
  2654 | D        | Gained mutation: Scrolls take you a little longer to read.
                  | [an orb of fire]
  2662 | D        | Killed an orb of fire
  2662 | D        | Received a gift from Trog
  2668 | D        | Received a gift from Trog
  2670 | D        | Identified the cursed +1 robe "Disusmal" {Rampage rF+}
  2670 | D        | Identified the amulet "Dyfuju" {Faith rElec}
  2671 | D        | Noticed a fire giant
  2672 | D        | Identified the amulet "Koimpag" {Acrobat rElec rC+ Dex+4}
  2672 | D        | Received a gift from Trog
  2673 | D        | Reached skill level 27 in Fighting
  2677 | D        | Received a gift from Trog
  2678 | D        | Reached skill level 10 in Dodging
  2687 | D        | Reached XP level 16. HP: 92/183 MP: 15/15
  2692 | D        | Found a transporter.
  2710 | D        | Got the ring "Puanar" {rPois Slay+4}
  2719 | D        | Got the amulet "Fiacaz" {RegenMP rPois Int-3 Slay+3}
  2929 | D        | Entered arena 23.
  2942 | D        | Noticed an orb of fire
  2943 | D        | Noticed an orb of fire
  2945 | D        | Noticed an orb of fire
  2945 | D        | Identified the amulet of Gamem {Reflect *Slow MR+ Str+10
                  | Int+6 SH+5}
  2945 | D        | Gained mutation: Your magical capacity is low. (-10% MP)
                  | [an orb of fire]
  2947 | D        | Gained mutation: You do not regenerate when monsters are
                  | visible. [an orb of fire]
  2948 | D        | Received a gift from Trog
  2949 | D        | Reached skill level 10 in Evocations
  2949 | D        | Killed an orb of fire
  2951 | D        | Gained mutation: You are dopey. (Int -2) [an orb of fire]
  2955 | D        | Killed an orb of fire
  2957 | D        | Reached skill level 15 in Dodging
  2958 | D        | HP: 10/274 [orb of fire/bolt of fire (23)]
  2959 | D        | Received a gift from Trog
  2959 | D        | Killed from afar by a fire giant

Illustrated notes

Levels and vault maps discovered:
D:        sprint_v [room_start, room_1, room_2, room_3, room_4, room_5, room_6,
          room_7, room_8, room_9, room_10, room_11, room_12, room_13, room_14,
          room_15, room_16, room_17, room_18, room_19, room_20, room_21,
          room_22, room_23, room_24, room_25, room_26, room_27]

Skill      XL: |  1  2  3  4  5  6  7  8  9 10 11 12 13 14 15 16 |
---------------+-------------------------------------------------+-----
Fighting       | 5 10 11 12 13 14 16 17 18 22 27 | 27.0
Axes           | 3 8 9 11 15 18 21 22 23 26 27 | 27.0
Armour         | 5 10 11 12 13 16 18 20 22 24 | 24.6
Shields        | 5 11 13 14 16 17 18 19 20 21 | 21.5
Stealth        | 1 2 3 4 |  4.8
Dodging        | 10 15 | 15.4
Evocations     | 9 13 | 13.3

Action                   |  1- 3 |  4- 6 |  7- 9 | 10-12 | 13-15 | 16-18 || total
-------------------------+-------+-------+-------+-------+-------+-------++-------
Melee: Broad axe         |     5 |       |    26 |    43 |    25 |       ||    99
       Headbutt          |       |       |     5 |    10 |    30 |     2 ||    47
       Battleaxe         |       |       |       |       |    78 |       ||    78
       Executioner's axe |       |       |       |       |    50 |    18 ||    68
Invok: Berserk           |       |       |     1 |     5 |     9 |     1 ||    16
       Brothers in Arms  |       |       |       |     1 |     3 |       ||     4
       Trog's Hand       |       |       |       |       |     2 |       ||     2
Evoke: Condenser vane    |       |       |       |       |       |     1 ||     1
  Use: Scroll            |       |       |       |     2 |     7 |       ||     9
       Potion            |       |       |       |     5 |     3 |     1 ||     9
 Stab: Distracted        |       |       |       |     1 |     2 |     1 ||     4
Armor: Gold dragon scale |     3 |       |     6 |    16 |   198 |     7 ||   230
Dodge: Dodged            |     1 |       |     2 |     2 |    85 |    12 ||   102
       Repelled          |       |       |       |       |       |     2 ||     2
Block: Kite shield       |    16 |       |    37 |    56 |    60 |       ||   169
       Rpst.: Broad axe  |       |       |       |     2 |       |       ||     2
       Executioner's axe |       |       |       |       |     5 |       ||     5
       Battleaxe         |       |       |       |       |     3 |       ||     3

Table legend: (Time is in decaauts)
 A = Elapsed time spent in this place.
 B = Non-inter-level travel time spent in this place.
 C = Inter-level travel time spent in this place.
 D = Time resting spent in this place.
 E = Time spent auto-exploring this place.
 F = Levels seen in this place.
 G = Mean time per level.
                   A        B        C        D        E       F      G
               +--------+--------+--------+--------+--------+-----+--------+
         Total |   2994 |   2994 |      0 |   1684 |      0 |   1 | 2994.0 |
       Dungeon |   2994 |   2994 |      0 |   1684 |      0 |   1 | 2994.0 |
               +--------+--------+--------+--------+--------+-----+--------+

Top non-repeatable levels by time:
       D: 2994 daAuts
